[Event "Titled Tuesday Blitz April 26 Early 2022"]
[White "Nazari, Arad"]
[Black "Barria Zuniga, Daniel"]
[WhiteFideId "12577324"]
[BlackFideId "3400816"]
[WhiteElo "2129"]
[BlackElo "2414"]
[Result "1-0"]
[Round "05"]
[TimeControl "180+1"]
[Date "2022.04.26"]
[WhiteClock "0:00:22"]
[BlackClock "0:00:03"]

1. e4 e6 2. d4 d5 3. Nd2 Ne7 4. Bd3 g6 5. e5 c5 6. c3 Nec6 7. Ne2 b6 8. O-O Ba6 9. Bxa6 Nxa6 10. Qa4 Nb8 11. Nf3 Qd7 12. Bg5 Nxe5 13. Qxd7+ Nexd7 14. dxc5 bxc5 15. Rad1 f6 16. Bc1 Nc6 17. Nf4 Kf7 18. Rfe1 Re8 19. b3 Bd6 20. Nd3 e5 21. Nb2 Nb6 22. Nd2 Rd8 23. c4 d4 24. Nd3 f5 25. f3 Rhe8 26. Ba3 Nd7 27. Re2 Re6 28. Rde1 Rde8 29. g4 a5 30. h3 Nb4 31. Bxb4 axb4 32. Nf2 Bf8 33. Nf1 Bh6 34. Ng3 Kf6 35. Kg2 Bf4 36. h4 Ra8 37. Nd3 Bxg3 38. Kxg3 Rae8 39. Nf2 h5 40. Kg2 hxg4 41. fxg4 e4 42. Rf1 Kg7 43. gxf5 gxf5 44. Nh3 Rg6+ 45. Kh2 Re5 46. Nf4 Rg4 47. Nh5+ Kg6 48. Nf4+ Rxf4 49. Rxf4 d3 50. Rg2+ Kf6 51. h5 e3 52. h6 e2 53. h7 Re8 54. Rg8 1-0


[Site "https://www.chess.com"]

[Event "Titled Tuesday Blitz April 26 Early 2022"]
[White "Ning, Kaiyu"]
[Black "Gutierrez Olivares, Daniel"]
[WhiteFideId "8614750"]
[BlackFideId "2264005"]
[WhiteElo "2013"]
[BlackElo "2317"]
[Result "1-0"]
[Round "05"]
[TimeControl "180+1"]
[Date "2022.04.26"]
[WhiteClock "0:00:27"]
[BlackClock "0:00:01"]

1. d4 Nf6 2. c4 e6 3. Nf3 c5 4. d5 exd5 5. cxd5 Bd6 6. g3 O-O 7. Bg2 Re8 8. O-O Bf8 9. Nc3 d6 10. Nd2 Nbd7 11. e4 Rb8 12. a4 Ne5 13. f4 Nd3 14. Nc4 Nxc1 15. Rxc1 Nd7 16. Qf3 a6 17. e5 b5 18. axb5 axb5 19. Nxd6 Bxd6 20. exd6 Qf6 21. Rfe1 Rxe1+ 22. Rxe1 Qxd6 23. Re8+ Nf8 24. Ne4 Qd7 25. Qe3 c4 26. Bh3 Qc7 27. d6 Qc6 28. d7 Bxd7 29. Bxd7 Qa8 30. Rxb8 Qxb8 31. Bc6 b4 32. Qc5 c3 33. bxc3 b3 34. Nd2 Qd8 35. Qd4 Qb8 36. Qb4 Qd8 37. Nxb3 Qb6+ 38. Qxb6 1-0


[Site "https://www.chess.com"]

[Event "Titled Tuesday Blitz April 26 Early 2022"]
[White "Noboa Silva, Kevin"]
[Black "Samunenkov, Ihor"]
[WhiteFideId "3618471"]
[BlackFideId "14187086"]
[WhiteElo "2172"]
[BlackElo "2409"]
[Result "0-1"]
[Round "05"]
[TimeControl "180+1"]
[Date "2022.04.26"]
[WhiteClock "0:00:07"]
[BlackClock "0:00:10"]

1. d4 d5 2. c4 e6 3. Nc3 a6 4. cxd5 exd5 5. Bf4 Nf6 6. e3 Bd6 7. Bg3 O-O 8. Bd3 Bg4 9. Qc2 Bh5 10. Bh4 Bg6 11. Nxd5 Bxd3 12. Qxd3 Nbd7 13. Qf5 Be7 14. Bxf6 Nxf6 15. Nxf6+ Bxf6 16. Nf3 g6 17. Qc2 Re8 18. O-O c6 19. Rad1 Qd5 20. a3 Rac8 21. Rfe1 Bg7 22. e4 Qd6 23. b4 Rcd8 24. Qc4 Qf4 25. d5 cxd5 26. Rxd5 Rc8 27. Qe2 Bc3 28. Qe3 Qg4 29. h3 Qe6 30. Ng5 Qxd5 31. exd5 Rxe3 32. Rxe3 Bd2 33. Rg3 Rc1+ 34. Kh2 Bf4 35. Ne4 Rd1 36. d6 f5 37. Nc5 b6 38. Nxa6 Bxd6 39. h4 Ra1 40. b5 Rxa3 41. Kh3 Bxg3 42. fxg3 Rb3 43. Nc7 Kf7 44. Kh2 Rb2 45. Kh3 Kg7 46. Kh2 h6 47. Kh3 g5 48. hxg5 hxg5 49. Kh2 Kg6 50. Kg1 f4 51. gxf4 gxf4 52. Kf1 Kf5 53. Kg1 Ke5 54. Kf1 Kd6 55. Ne8+ Kd7 56. Nf6+ Ke6 57. Nh5 Kf5 58. Ng7+ Kg4 59. Ne8 Rxb5 60. Nf6+ Kf5 61. Ne8 Rb1+ 62. Kf2 Rb2+ 63. Kg1 b5 64. Nd6+ Kg4 65. Ne4 b4 66. Nf6+ Kf5 67. Nd7 b3 68. Nc5 Rb1+ 69. Kh2 b2 70. Nd3 Rh1+ 71. Kxh1 b1=Q+ 72. Ne1 Qxe1+ 73. Kh2 Qg3+ 74. Kg1 f3 75. Kf1 Qxg2+ 0-1


[Site "https://www.chess.com"]

[Event "Titled Tuesday Blitz April 26 Early 2022"]
[White "O`Gorman, Tom"]
[Black "Odegov, Artem"]
[WhiteFideId "2508249"]
[BlackFideId "34183644"]
[WhiteElo "2247"]
[BlackElo "2286"]
[Result "1-0"]
[Round "05"]
[TimeControl "180+1"]
[Date "2022.04.26"]
[WhiteClock "0:01:54"]
[BlackClock "0:00:46"]

1. e4 e6 2. d4 d5 3. Bd3 dxe4 4. Bxe4 Nf6 5. Bf3 c5 6. Ne2 Nc6 7. Be3 cxd4 8. Nxd4 Ne5 9. Nc3 Be7 10. Qe2 O-O 11. O-O-O Qc7 12. g4 Nxf3 13. Qxf3 e5 14. Nf5 Bc5 15. Bg5 Bxf5 16. Qxf5 Bd4 17. Bxf6 Bxc3 18. Qg5 Bxb2+ 19. Kb1 1-0


[Site "https://www.chess.com"]

[Event "Titled Tuesday Blitz April 26 Early 2022"]
[White "Okike, David"]
[Black "Omelja, Artem"]
[WhiteFideId "8500134"]
[BlackFideId "14119846"]
[WhiteElo "2232"]
[BlackElo "2382"]
[Result "0-1"]
[Round "05"]
[TimeControl "180+1"]
[Date "2022.04.26"]
[WhiteClock "0:00:30"]
[BlackClock "0:00:03"]

1. e4 c5 2. Nf3 e6 3. d4 cxd4 4. Nxd4 Nf6 5. Bd3 Nc6 6. Nxc6 bxc6 7. Nc3 d5 8. O-O Be7 9. Qe2 O-O 10. e5 Nd7 11. Na4 c5 12. c4 d4 13. Be4 Rb8 14. f4 Bb7 15. b3 Bxe4 16. Qxe4 Nb6 17. Nb2 a5 18. a4 Nd7 19. Rf3 Re8 20. Ra3 Qb6 21. Bd2 Bd8 22. Nd3 Qb7 23. Qe1 Bc7 24. Nf2 Qa7 25. Ne4 Rb7 26. Rh3 Nf8 27. Rg3 Ng6 28. h4 Kh8 29. h5 Ne7 30. h6 g6 31. Nd6 Bxd6 32. exd6 Nf5 33. Rh3 f6 34. Bxa5 Kg8 35. Bc7 Kf7 36. g4 Ne3 37. Rxe3 dxe3 38. Qxe3 Rxc7 39. dxc7 Qxc7 40. a5 Rd8 41. Ra1 Rd4 42. Rf1 Qxa5 43. g5 Qd8 44. Re1 Qd6 45. Rf1 Rd3 46. Qe4 Rxb3 47. gxf6 Kxf6 48. Qe5+ Qxe5 49. fxe5+ Kxe5 50. Rf7 Rh3 51. Rxh7 Kd4 52. Kg2 Rh5 53. Re7 Rxh6 54. Rxe6 Kxc4 55. Kg3 Rh5 56. Rxg6 Rf5 57. Kg4 Rf8 58. Rd6 Kb3 59. Rb6+ Kc3 60. Kg3 c4 61. Kg2 Kd3 62. Rd6+ Kc2 63. Re6 c3 64. Re2+ Kb1 65. Re1+ Kb2 66. Re7 c2 67. Rb7+ Kc1 68. Kg1 Rd8 69. Kf2 Kd2 70. Rb2 Kc3 71. Ra2 c1=Q 0-1


[Site "https://www.chess.com"]

[Event "Titled Tuesday Blitz April 26 Early 2022"]
[White "Olsen, Filip Boe"]
[Black "Butti, Enrique"]
[WhiteFideId "1440640"]
[BlackFideId "3700470"]
[WhiteElo "2188"]
[BlackElo "2080"]
[Result "0-1"]
[Round "05"]
[TimeControl "180+1"]
[Date "2022.04.26"]
[WhiteClock "0:00:19"]
[BlackClock "0:00:41"]

1. d4 Nf6 2. c4 e6 3. Nc3 c5 4. d5 exd5 5. cxd5 d6 6. Nf3 g6 7. Bf4 Bg7 8. Qa4+ Bd7 9. Qb3 b5 10. Bxd6 b4 11. Na4 Ne4 12. Bxc5 Qa5 13. Bxb4 Qxa4 14. Qc4 Nf6 15. e4 a5 16. Bc3 O-O 17. e5 Ne4 18. Qxa4 Bxa4 19. Bd4 Nd7 20. Bd3 Nec5 21. Bc4 Rfe8 22. O-O Rab8 23. b3 Bb5 24. Rfe1 Bxc4 25. bxc4 Rb4 26. Rac1 Rc8 27. Nd2 Nd3 28. Bc3 Rb7 29. e6 fxe6 30. dxe6 N7c5 31. e7 Nxe1 32. Rxe1 Bxc3 33. e8=Q+ Rxe8 34. Rxe8+ Kf7 35. Re2 Bxd2 36. g3 Bc3 37. Rc2 Bd4 38. Rd2 Ne6 39. Re2 Rb2 40. Re1 Rxf2 0-1


[Site "https://www.chess.com"]

[Event "Titled Tuesday Blitz April 26 Early 2022"]
[White "Oparin, Grigoriy"]
[Black "Shankland, Sam"]
[WhiteFideId "24125890"]
[BlackFideId "2004887"]
[WhiteElo "2665"]
[BlackElo "2618"]
[Result "0-1"]
[Round "05"]
[TimeControl "180+1"]
[Date "2022.04.26"]
[WhiteClock "0:00:03"]
[BlackClock "0:00:17"]

1. Nf3 d5 2. g3 g6 3. c4 dxc4 4. Na3 Bg7 5. Nxc4 Nc6 6. d3 Nh6 7. Bg2 O-O 8. O-O Nf5 9. Bf4 Be6 10. Rc1 Rc8 11. a3 Nd6 12. Nce5 Nxe5 13. Bxe5 Bh6 14. e3 c5 15. b4 cxb4 16. axb4 Qd7 17. Ba1 Bh3 18. Ne5 Qe6 19. Bxh3 Qxh3 20. Qf3 Bg7 21. Nc4 Nxc4 22. Rxc4 Rxc4 23. dxc4 Qc8 24. Bxg7 Kxg7 25. Qe4 Qc7 26. Qd4+ e5 27. Qxa7 Qxc4 28. Qxb7 Rd8 29. h4 Rd5 30. h5 gxh5 31. Qe7 Qg4 32. Rb1 Qf5 33. Rf1 Qg4 34. Qh4 Rb5 35. Rb1 Kg6 36. e4 Qf3 37. Qh3 Qxe4 38. Rc1 Rxb4 39. Qf1 Rd4 40. Qa6+ f6 41. Qc8 Qg4 42. Qg8+ Kh6 43. Qf8+ Qg7 44. Qe8 Rd7 45. Kg2 Re7 46. Qc8 Qf7 47. Rh1 Kg7 48. Qf5 Qg6 49. Qxh5 Qxh5 50. Rxh5 Kg6 51. Rh1 f5 52. Ra1 h5 53. Ra6+ Kg5 54. Ra5 e4 55. Rb5 Rf7 56. Kh3 Rc7 57. Ra5 Rc2 58. Kg2 e3 59. Kf3 exf2 60. Kg2 h4 61. gxh4+ Kg4 62. Ra4+ f4 63. h5 f1=Q+ 64. Kxf1 Kg3 65. h6 f3 66. Ra1 Rh2 67. Kg1 f2+ 68. Kf1 Rh1+ 69. Ke2 Rxa1 0-1


[Site "https://www.chess.com"]

[Event "Titled Tuesday Blitz April 26 Early 2022"]
[White "Ovezdurdyyeva, Jemal"]
[Black "Iljin, Timofey"]
[WhiteFideId "14001888"]
[BlackFideId "14110180"]
[WhiteElo "1946"]
[BlackElo "2396"]
[Result "0-1"]
[Round "05"]
[TimeControl "180+1"]
[Date "2022.04.26"]
[WhiteClock "0:00:11"]
[BlackClock "0:00:54"]

1. e4 d5 2. e5 Nf6 3. exf6 gxf6 4. Nf3 c5 5. d4 Nc6 6. dxc5 Bg4 7. Be2 e5 8. Nc3 d4 9. Ne4 f5 10. Bg5 Qa5+ 11. Bd2 Qc7 12. Nf6+ Ke7 13. Nxg4 fxg4 14. Nh4 h5 15. Bg5+ Ke8 16. O-O Bxc5 17. Kh1 Qd6 18. f3 f6 19. Bd2 Kd7 20. fxg4 hxg4 21. Bxg4+ Kc7 22. Nf5 Qd5 23. Qf3 e4 24. Qf4+ Kb6 25. a4 a5 26. Rae1 e3 27. Bc1 Ne5 28. Bf3 Qc4 29. Qe4 Rab8 30. c3 dxc3 31. Qxc4 Nxc4 32. bxc3 Rbe8 33. Bd5 Nd2 34. Bxd2 exd2 35. Rb1+ Kc7 36. Rxb7+ Kc8 37. Rbb1 Re5 38. Bb7+ Kc7 39. Ba6 Rb8 40. Rxb8 Kxb8 41. Ng3 Re1 42. Be2 Bf2 43. Ne4 Rxe2 44. Nxf2 Rxf2 0-1


[Site "https://www.chess.com"]

[Event "Titled Tuesday Blitz April 26 Early 2022"]
[White "Oye-Stromberg, Alexander"]
[Black "Nguyen, Hong Anh"]
[WhiteFideId "1525999"]
[BlackFideId "12406732"]
[WhiteElo "1934"]
[BlackElo "2016"]
[Result "0-1"]
[Round "05"]
[TimeControl "180+1"]
[Date "2022.04.26"]
[WhiteClock "0:01:40"]
[BlackClock "0:01:40"]

1. e4 c5 2. Ne2 Nc6 3. Nbc3 g6 4. d4 cxd4 5. Nxd4 Bg7 6. Be3 Nf6 7. Bc4 O-O 8. h4 Nxe4 9. h5 Nxc3 10. bxc3 Qa5 11. Qd2 d5 12. Bd3 e5 13. Nb3 Qc7 14. hxg6 fxg6 15. Bh6 Bg4 16. f3 e4 17. Be2 Qg3+ 18. Kd1 Qxg2 0-1


[Site "https://www.chess.com"]

[Event "Titled Tuesday Blitz April 26 Early 2022"]
[White "Padmini, Rout"]
[Black "Bashirli, Saadat"]
[WhiteFideId "5029295"]
[BlackFideId "13429990"]
[WhiteElo "2181"]
[BlackElo "1173"]
[Result "1-0"]
[Round "05"]
[TimeControl "180+1"]
[Date "2022.04.26"]
[WhiteClock "0:01:16"]
[BlackClock "0:00:09"]

1. c4 e6 2. g3 d5 3. Nc3 Nf6 4. Bg2 c6 5. cxd5 exd5 6. d4 Bb4 7. Bg5 h6 8. Bxf6 Qxf6 9. e3 Bf5 10. Ne2 Nd7 11. a3 Ba5 12. b4 Bc7 13. b5 cxb5 14. Nxb5 Ba5+ 15. Nbc3 Qc6 16. Qb3 Rc8 17. Kd2 Nf6 18. Rhc1 O-O 19. Kd1 Be6 20. Ne4 Nxe4 21. Rxc6 Nxf2+ 22. Kc2 Rxc6+ 23. Kb2 Rfc8 24. Rf1 Ng4 25. Ka1 Rc2 26. Bxd5 Bxd5 27. Qxd5 Bc3+ 28. Nxc3 R8xc3 29. Qxf7+ Kh8 30. Qe8+ Kh7 31. Qe4+ g6 32. Rf7+ Kg8 33. Qe8# 1-0


[Site "https://www.chess.com"]

[Event "Titled Tuesday Blitz April 26 Early 2022"]
[White "Petrova, Irina"]
[Black "Lewicki, Miroslaw"]
[WhiteFideId "14124122"]
[BlackFideId "1113380"]
[WhiteElo "1993"]
[BlackElo "2283"]
[Result "1-0"]
[Round "05"]
[TimeControl "180+1"]
[Date "2022.04.26"]
[WhiteClock "0:00:09"]
[BlackClock "0:00:04"]

1. e4 c5 2. Nf3 d6 3. Bb5+ Bd7 4. Bxd7+ Qxd7 5. c4 g6 6. Nc3 Bg7 7. d4 cxd4 8. Nxd4 Nf6 9. f3 O-O 10. Be3 Nc6 11. O-O Rfc8 12. b3 Ne5 13. Rc1 h5 14. Qd2 h4 15. Rfd1 h3 16. g3 Qd8 17. Qf2 Kh7 18. g4 Qa5 19. Qg3 Rh8 20. Qxh3+ Kg8 21. Qg2 a6 22. Nd5 Nxd5 23. cxd5 Bh6 24. Bxh6 Rxh6 25. f4 Nd7 26. Qd2 Qb6 27. Kg2 Nc5 28. Qf2 Nxe4 29. Qe3 f5 30. gxf5 gxf5 31. Nxf5 Qxe3 32. Nxe3 Kf7 33. Rc7 Rg8+ 34. Kf3 Rh3+ 35. Kxe4 Rxh2 36. Nf5 Kf6 37. Ne3 Rg3 38. Rxb7 Rxa2 39. Rh1 Re2 40. Rh6+ Kg7 41. Re6 Rexe3+ 42. Kf5 Rxb3 43. Rexe7+ Kf8 44. Rf7+ Kg8 45. Rxb3 Rxb3 46. Rd7 Rb6 47. Ke6 a5 48. f5 Rb1 49. f6 Re1+ 50. Kxd6 a4 51. Ra7 Kf8 52. Rxa4 Kf7 53. Ra7+ Kxf6 54. Ra3 Rf1 55. Kd7 Kf7 56. d6 Rf2 57. Kd8 Kf8 58. d7 Rf1 59. Rc3 1-0


[Site "https://www.chess.com"]

[Event "Titled Tuesday Blitz April 26 Early 2022"]
[White "Pham, Tran Gia Phuc"]
[Black "Karavade, Eesha"]
[WhiteFideId "12415669"]
[BlackFideId "5012600"]
[WhiteElo "1789"]
[BlackElo "2258"]
[Result "0-1"]
[Round "05"]
[TimeControl "180+1"]
[Date "2022.04.26"]
[WhiteClock "0:00:02"]
[BlackClock "0:00:22"]

1. e4 c5 2. Nc3 d6 3. d4 cxd4 4. Qxd4 Nc6 5. Qd2 g6 6. b3 Bh6 7. f4 Nf6 8. Bb2 O-O 9. O-O-O e5 10. Nge2 Bg4 11. h3 Bxe2 12. Nxe2 Nxe4 13. Qe3 d5 14. Kb1 Qa5 15. g4 exf4 16. Nxf4 Rfe8 17. Qc1 Nf2 18. Bg2 Nxd1 19. Rxd1 Qb4 20. Rf1 Bxf4 21. Rxf4 d4 22. c3 Qd6 23. cxd4 Nb4 24. d5 Nd3 25. Qc3 Re1+ 26. Kc2 Re2+ 27. Kxd3 Rxb2 28. Qxb2 Qxf4 29. Qe2 Rd8 30. Be4 Qe5 31. Qf3 Rc8 0-1


[Site "https://www.chess.com"]

[Event "Titled Tuesday Blitz April 26 Early 2022"]
[White "Piesik, Piotr"]
[Black "Bas Mas, Jose Joaquin"]
[WhiteFideId "1136194"]
[BlackFideId "22219064"]
[WhiteElo "2190"]
[BlackElo "2212"]
[Result "1-0"]
[Round "05"]
[TimeControl "180+1"]
[Date "2022.04.26"]
[WhiteClock "0:01:31"]
[BlackClock "0:00:54"]

1. Nf3 d5 2. g3 Nf6 3. Bg2 e6 4. O-O Be7 5. d3 O-O 6. Nbd2 b6 7. e4 Bb7 8. Qe2 c5 9. e5 Nfd7 10. c3 Nc6 11. h4 b5 12. Re1 b4 13. c4 dxc4 14. dxc4 a5 15. b3 Ra7 16. Bb2 a4 17. h5 a3 18. Bc1 Nd4 19. Nxd4 cxd4 20. Bxb7 Rxb7 21. Nf3 Nc5 22. h6 g6 23. Bf4 d3 24. Qd2 Rd7 25. Rad1 Qb6 26. Bg5 Bxg5 27. Qxg5 Qd8 28. Qxd8 Rfxd8 29. Nd2 f5 30. exf6 Kf7 31. Ne4 Nxe4 32. Rxe4 Kxf6 33. Rd2 Rd4 34. Rxd4 Rxd4 35. f3 Kg5 36. Kf2 Kxh6 37. Ke3 Rd6 38. Rxd3 Rc6 39. Rd7 Kg5 40. Rxh7 Kf6 41. Rb7 g5 42. Rxb4 g4 43. fxg4 Kg5 44. Ra4 Kxg4 45. Rxa3 Kxg3 46. Ra5 Kg4 47. a4 Rd6 48. Re5 Rb6 49. Rb5 Rd6 50. a5 Rd1 51. b4 Re1+ 52. Kd4 Kf4 53. a6 e5+ 54. Kc5 Rd1 55. a7 Ra1 56. Ra5 1-0


[Site "https://www.chess.com"]

[Event "Titled Tuesday Blitz April 26 Early 2022"]
[White "Piliczewski, Bogusz"]
[Black "Gatterer, Florian"]
[WhiteFideId "1104144"]
[BlackFideId "811688"]
[WhiteElo "1896"]
[BlackElo "2218"]
[Result "1-0"]
[Round "05"]
[TimeControl "180+1"]
[Date "2022.04.26"]
[WhiteClock "0:01:52"]
[BlackClock "0:01:40"]

1. d4 Nf6 2. Nf3 g6 3. Bf4 Bg7 4. e3 O-O 5. Be2 d6 6. h3 Nbd7 7. O-O Qe8 8. Bh2 e5 9. c4 e4 10. Nfd2 d5 11. Nc3 c6 12. Bd6 Qe6 13. Bxf8 Bxf8 14. b4 Bxb4 15. Qb3 Bd6 16. cxd5 cxd5 17. Nb5 Bb8 18. Rfc1 h5 19. Rxc8+ Kg7 20. Nc7 Bxc7 21. Rxa8 Qd6 22. Nf1 g5 23. Qxb7 g4 24. hxg4 Nxg4 25. Rxa7 Nh2 26. Qxc7 1-0


[Site "https://www.chess.com"]

[Event "Titled Tuesday Blitz April 26 Early 2022"]
[White "Pires, Marcos Vinicius Torsani"]
[Black "Brodowski, Piotr"]
[WhiteFideId "2118939"]
[BlackFideId "1124480"]
[WhiteElo "2273"]
[BlackElo "2422"]
[Result "0-1"]
[Round "05"]
[TimeControl "180+1"]
[Date "2022.04.26"]
[WhiteClock "0:00:04"]
[BlackClock "0:00:08"]

1. d4 Nf6 2. Bf4 c5 3. e3 Qb6 4. Nc3 e6 5. a3 d5 6. Nf3 a6 7. Be2 Nc6 8. O-O cxd4 9. exd4 Bd7 10. Na4 Qa5 11. Nc3 Rc8 12. b4 Qd8 13. Nb1 Na7 14. Ne5 Nb5 15. a4 Nd6 16. c3 Be7 17. Nd3 O-O 18. Nc5 Qc7 19. Bd3 h6 20. h3 Rfd8 21. a5 Be8 22. Nd2 Qb8 23. Nf3 Qa7 24. Ne5 Nde4 25. Rc1 Bb5 26. Bxb5 axb5 27. Qe2 b6 28. axb6 Qxb6 29. f3 Nd6 30. Ra1 Nc4 31. Nxc4 dxc4 32. Ra6 Bxc5 33. Rxb6 Bxb6 34. Qe5 Nd5 35. Bd2 Nxb4 36. Qxb5 Nd5 37. Kh1 Rc7 38. Qa4 Rdc8 39. Qc2 Ra7 40. Rb1 Rca8 41. Kh2 Ra2 42. Rb2 Rxb2 43. Qxb2 h5 44. h4 Bc7+ 45. g3 Rb8 46. Qa2 Rb3 47. Kh3 Bd6 48. Qa8+ Bf8 49. Qa6 Rb2 50. Bg5 Rc2 51. Qxc4 Rxc3 52. Qe2 Rc6 53. Bd2 g6 54. f4 Bg7 55. Be3 Rc3 56. Bf2 Nxf4+ 0-1


[Site "https://www.chess.com"]

[Event "Titled Tuesday Blitz April 26 Early 2022"]
[White "Polster, Christian"]
[Black "Sarkar, Justin"]
[WhiteFideId "12965081"]
[BlackFideId "2010011"]
[WhiteElo "2311"]
[BlackElo "2038"]
[Result "0-1"]
[Round "05"]
[TimeControl "180+1"]
[Date "2022.04.26"]
[WhiteClock "0:00:06"]
[BlackClock "0:00:03"]

1. e4 c5 2. Nc3 Nc6 3. Nge2 Nf6 4. g3 d5 5. exd5 Nxd5 6. Bg2 Nc7 7. O-O e5 8. Re1 Be7 9. d3 O-O 10. h3 Be6 11. Kh2 Qd7 12. f4 f6 13. Be3 Rad8 14. g4 exf4 15. Nxf4 Bf7 16. Kh1 b6 17. Qf3 Ne5 18. Qf2 f5 19. gxf5 Qxf5 20. Rf1 Ng6 21. Nxg6 Bxg6 22. Qxf5 Bxf5 23. Rae1 g6 24. Bh6 Rf7 25. Rxe7 Rxe7 26. Bg5 Rde8 27. Bxe7 Rxe7 28. Kh2 Kg7 29. Rf2 Re3 30. Be4 Rxh3+ 31. Kg2 Rh5 32. Bxf5 Rxf5 33. Rxf5 gxf5 34. Kf3 Kf6 35. Ne2 h5 36. Nf4 h4 37. Nh3 Ne6 38. Ke3 Nd4 39. c3 Ne6 40. d4 cxd4+ 41. cxd4 Nc7 42. Nf4 Kg5 43. d5 Kf6 44. Kd4 Nb5+ 45. Kc4 Nd6+ 46. Kd4 Kg5 47. Ke5 Nc4+ 48. Kd4 Kxf4 49. Kxc4 Ke5 0-1


[Site "https://www.chess.com"]

[Event "Titled Tuesday Blitz April 26 Early 2022"]
[White "Pranav, V"]
[Black "Terry, Renato"]
[WhiteFideId "25060783"]
[BlackFideId "3803457"]
[WhiteElo "2349"]
[BlackElo "2577"]
[Result "1/2-1/2"]
[Round "05"]
[TimeControl "180+1"]
[Date "2022.04.26"]
[WhiteClock "0:00:10"]
[BlackClock "0:00:20"]

1. Nf3 Nf6 2. g3 d5 3. Bg2 c6 4. O-O Bg4 5. d3 Nbd7 6. Nbd2 e5 7. e4 dxe4 8. dxe4 Be7 9. h3 Bh5 10. Qe2 O-O 11. Rd1 Qc7 12. Nc4 Rfe8 13. a4 Bf8 14. b3 Nc5 15. Ncd2 Ne6 16. c3 Rad8 17. Bb2 Nc5 18. b4 Nd3 19. Ba3 a5 20. Rab1 axb4 21. cxb4 Rd7 22. Nf1 Red8 23. Rd2 c5 24. bxc5 Bxc5 25. Bxc5 Nxc5 26. Rxd7 Rxd7 27. Qb2 Bxf3 28. Bxf3 Ncxe4 29. Rc1 Qb8 30. Bxe4 Nxe4 31. Qxe5 Nd6 32. Ne3 Rd8 33. Nd5 Re8 34. Qd4 h6 35. Nf4 Ne4 36. Nh5 Qe5 37. Qxe5 Rxe5 38. Nf4 Ra5 39. Rc8+ Kh7 40. Rc7 Kg8 41. Rxb7 Rxa4 42. Rb8+ Kh7 43. Rb7 Kg8 44. Rb8+ Kh7 45. Rf8 Ra1+ 46. Kg2 Ra2 47. Kf3 Ng5+ 48. Kg2 Ne4 49. Kf3 Ng5+ 50. Kg2 Ne4 1/2-1/2


[Site "https://www.chess.com"]

[Event "Titled Tuesday Blitz April 26 Early 2022"]
[White "Redor, Menandro"]
[Black "Pinheiro, Iung Alicio de O."]
[WhiteFideId "5222010"]
[BlackFideId "2104350"]
[WhiteElo "1986"]
[BlackElo "2462"]
[Result "1-0"]
[Round "05"]
[TimeControl "180+1"]
[Date "2022.04.26"]
[WhiteClock "0:01:51"]
[BlackClock "0:01:17"]

1. d4 c5 2. c3 e6 3. Bf4 Nf6 4. e3 b6 5. Nd2 cxd4 6. Ngf3 dxc3 7. bxc3 Be7 8. Nc4 d5 9. Nce5 O-O 10. Bd3 Ba6 11. g4 Bxd3 12. Qxd3 Qc8 13. h4 Ne4 14. Rc1 Nc6 15. Ng5 Nxe5 16. Bxe5 f6 17. Bd4 fxg5 18. hxg5 Nxg5 19. Rh5 Qxc3+ 20. Rxc3 1-0


[Site "https://www.chess.com"]

[Event "Titled Tuesday Blitz April 26 Early 2022"]
[White "Reprintsev, Alexander"]
[Black "Allahverdiyeva, Ayan"]
[WhiteFideId "14100541"]
[BlackFideId "13412590"]
[WhiteElo "2108"]
[BlackElo "1910"]
[Result "0-1"]
[Round "05"]
[TimeControl "180+1"]
[Date "2022.04.26"]
[WhiteClock "0:00:49"]
[BlackClock "0:00:31"]

1. e4 c5 2. b3 g6 3. Bb2 Nf6 4. e5 Nd5 5. Nc3 Nxc3 6. dxc3 Bg7 7. Qd5 O-O 8. Qxc5 d6 9. exd6 exd6 10. Qd5 Re8+ 11. Be2 Bh6 12. c4 Qe7 13. Qd4 Qe5 14. Qxe5 dxe5 15. Nf3 Nc6 16. O-O Bf5 17. c3 Rad8 18. Rfd1 Bc2 19. Rd5 Be4 20. Rb5 Bxf3 21. Bxf3 e4 22. Bd1 Rd2 23. Ba3 e3 24. Bf3 e2 25. g3 e1=Q+ 26. Rxe1 Rxe1+ 27. Kg2 Be3 28. Bd5 Rxf2+ 29. Kh3 Ree2 30. Rxb7 Rxh2+ 31. Kg4 Ne5# 0-1


[Site "https://www.chess.com"]

[Event "Titled Tuesday Blitz April 26 Early 2022"]
[White "Richter, Nils"]
[Black "Kucuksari, Kaan"]
[WhiteFideId "12990809"]
[BlackFideId "6380166"]
[WhiteElo "2243"]
[BlackElo "2305"]
[Result "1-0"]
[Round "05"]
[TimeControl "180+1"]
[Date "2022.04.26"]
[WhiteClock "0:00:21"]
[BlackClock "0:00:02"]

1. d4 d5 2. c4 c6 3. Nf3 Nf6 4. Nc3 e6 5. Bg5 Nbd7 6. e3 Ke7 7. Bd3 h6 8. Bxf6+ Kxf6 9. O-O g6 10. e4 dxe4 11. Nxe4+ Kg7 12. Qc2 Nf6 13. Rad1 b6 14. Rfe1 Bb7 15. c5 a5 16. Nxf6 Qxf6 17. Ne5 bxc5 18. dxc5 Rd8 19. Qc3 Rd5 20. Bf1 Rxc5 21. Qb3 Rxe5 22. Rxe5 Qxe5 23. Qxb7 Bc5 24. Qxc6 Qf5 25. Qf3 Qxf3 26. gxf3 Rb8 27. b3 Rb7 28. Bc4 e5 29. Kg2 g5 30. Rd8 Bb6 31. Rc8 Rd7 32. Rc6 Ba7 33. Ra6 Bd4 34. Rxa5 Bc3 35. Rd5 Ra7 36. a4 Bd4 37. a5 Rc7 38. a6 Re7 39. Kf1 h5 40. Ke2 h4 41. Kd3 Bxf2 42. b4 h3 43. Ke4 Ra7 44. b5 Bg1 45. Bf1 Rc7 46. Bxh3 Rc3 47. Kxe5 Rxf3 48. Bf5 Rf4 49. Rd7 Bxh2 50. Be4 Rf2+ 51. Kd5 Rd2+ 52. Kc6 Rc2+ 53. Kb7 Rb2 54. b6 Bg1 55. Rd6 g4 56. a7 Bc5 57. Rc6 g3 58. a8=Q Bd4 59. Rc8 Bf2 60. Rg8+ Kh6 61. Qf8+ Kh5 62. Qxf7+ 1-0


[Site "https://www.chess.com"]

[Event "Titled Tuesday Blitz April 26 Early 2022"]
[White "Rodrigues, Bruno Morado"]
[Black "Jaferian, Koosha"]
[WhiteFideId "2115654"]
[BlackFideId "12507440"]
[WhiteElo "2040"]
[BlackElo "2030"]
[Result "0-1"]
[Round "05"]
[TimeControl "180+1"]
[Date "2022.04.26"]
[WhiteClock "0:00:58"]
[BlackClock "0:00:52"]

1. d4 Nf6 2. Nc3 d5 3. Bg5 c5 4. e3 cxd4 5. Qxd4 Nc6 6. Qa4 e6 7. O-O-O Be7 8. Nf3 O-O 9. e4 Qc7 10. exd5 Nxd5 11. Nxd5 exd5 12. Rxd5 Be6 13. Rd2 Rad8 14. Bd3 h6 15. Bxh6 gxh6 16. Qe4 Rxd3 17. Rxd3 Bf6 18. g4 Qb6 19. b3 Nb4 20. Re3 Nxa2+ 21. Kd2 Rd8+ 22. Ke1 Nc3 23. Qf4 Rd1# 0-1


[Site "https://www.chess.com"]

[Event "Titled Tuesday Blitz April 26 Early 2022"]
[White "Rottenwohrer Suarez, Juan"]
[Black "Maksimenko, Viktor"]
[WhiteFideId "32068182"]
[BlackFideId "13710478"]
[WhiteElo "2158"]
[BlackElo "2269"]
[Result "1-0"]
[Round "05"]
[TimeControl "180+1"]
[Date "2022.04.26"]
[WhiteClock "0:00:08"]
[BlackClock "0:00:20"]

1. Nf3 d5 2. g3 Nd7 3. d4 Nb6 4. Bg2 Bf5 5. O-O c6 6. a4 a5 7. Nbd2 e6 8. Nh4 Bg4 9. h3 Bh5 10. Nhf3 h6 11. Ne5 Nd7 12. Ndf3 Nxe5 13. Nxe5 Bd6 14. g4 Bxe5 15. dxe5 Bg6 16. f4 Ne7 17. Qd4 h5 18. c3 Rc8 19. Be3 c5 20. Qd2 d4 21. Bf2 Nd5 22. cxd4 hxg4 23. hxg4 cxd4 24. Qxd4 Rc2 25. f5 Bh7 26. Rac1 Rxe2 27. Bf3 Rxf2 28. Rxf2 O-O 29. Bxd5 exd5 30. Rc5 Qg5 31. Rxd5 Qh4 32. Qf4 Rc8 33. Rd1 g6 34. Rh2 Qe7 35. f6 Qc5+ 36. Qd4 Qc7 37. Qd6 Qc4 38. Qd8+ 1-0


[Site "https://www.chess.com"]

[Event "Titled Tuesday Blitz April 26 Early 2022"]
[White "Rustemov, Alexander"]
[Black "Csonka, Balazs"]
[WhiteFideId "4119002"]
[BlackFideId "742910"]
[WhiteElo "2849"]
[BlackElo "2404"]
[Result "0-1"]
[Round "05"]
[TimeControl "180+1"]
[Date "2022.04.26"]
[WhiteClock "0:00:03"]
[BlackClock "0:00:07"]

1. d4 Nf6 2. c4 g6 3. Nf3 Bg7 4. g3 c6 5. Nc3 d5 6. Qb3 O-O 7. Bg2 Qb6 8. O-O Rd8 9. Rd1 Bf5 10. Bf4 Qxb3 11. axb3 Bc2 12. Rdc1 Bxb3 13. c5 Bc4 14. Ne5 Ba6 15. b4 e6 16. e3 Nfd7 17. Ra4 Nxe5 18. Bxe5 Bxe5 19. dxe5 Nd7 20. f4 Bc4 21. Bh3 b6 22. cxb6 axb6 23. Rca1 Rxa4 24. Rxa4 c5 25. b5 Bd3 26. Bf1 Bc2 27. Ra7 d4 28. exd4 cxd4 29. Na2 d3 30. Bxd3 Bxd3 31. Nc3 Rc8 32. Na4 Bxb5 33. Kf2 Bxa4 34. Rxa4 Nc5 35. Rb4 Nd3+ 0-1


[Site "https://www.chess.com"]